 Dungeon Crawl Stone Soup version 0.25-a0-547-g27a0b5d1ef (webtiles) character file.

Game seed: 2428830335696104965, levelgen mode: deterministic

1925 vurker the Zephyrmancer (level 8, 38/38 HPs)
             Began as a Felid Air Elementalist on Feb 21, 2020.
             Was an Elder of Vehumet.
             Quit the game on level 8 of the Dungeon.
             The game lasted 00:18:42 (14675 turns).

vurker the Zephyrmancer (Felid Air Elementalist)   Turns: 14675, Time: 00:18:42

Health: 38/38      AC:  6    Str:  4    XL:     8   Next: 96%
Magic:  21/21      EV: 18    Int: 20    God:    Vehumet [****..]
Gold:   449        SH:  0    Dex: 17    Spells: 14/24 levels left
                                        Lives:  0   Deaths: 2

rFire    . . .     SeeInvis +   (weapon unavailable)
rCold    + . .     Gourm    .   (shield unavailable)
rNeg     . . .     Faith    .   (armour unavailable)
rPois    .         Spirit   .   (helmet unavailable)
rElec    .         Reflect  .   (cloak unavailable)
rCorr    .         Harm     .   (gloves unavailable)
MR       +....                  (boots unavailable)
Stlth    +++.......             r - amulet of the acrobat
HPRegen  0.12/turn              p - +4 ring of protection
MPRegen  0.17/turn              y - ring of flight

@: quick
A: very small, no armour, no weapons or thrown items, stealth, antennae 1, claws
1, fangs 3, see invisible, carnivore, cold resistance 1, deterioration 1, speed
1, mutation resistance 1, shaggy fur 2, slow metabolism 1, sharp paws
a: Renounce Religion, Evoke Flight


You were on level 8 of the Dungeon.
You worshipped Vehumet.
Vehumet was greatly pleased with you.
You were completely stuffed.

You visited 2 branches of the dungeon, and saw 9 of its levels.
You also visited: Bailey.

You collected 449 gold pieces.

Inventory:

Jewellery
 a - an uncursed ring of ice
   (You found it on level 3 of the Dungeon)
 g - an uncursed ring of resist corrosion
   (You found it on level 6 of the Dungeon)
 p - a +4 ring of protection (left paw)
   (You found it on level 2 of the Dungeon)
 q - a +4 ring of evasion
   (You found it on level 2 of the Dungeon)
 r - an amulet of the acrobat (around neck)
   (You found it on level 3 of the Dungeon)
 y - a ring of flight (right paw)
   (You found it on level 8 of the Dungeon)
Wands
 t - a wand of flame (22)
   (You found it on level 6 of the Dungeon)
 u - a wand of paralysis (7)
   (You found it on level 4 of the Dungeon)
Scrolls
 b - 3 scrolls of remove curse
 k - 2 scrolls of fog
 l - a scroll of amnesia
 o - a scroll of blinking
 s - 3 scrolls of teleportation
 w - 2 scrolls of fear
Potions
 c - 4 potions of curing
 d - a potion of magic
 f - a potion of invisibility {unknown}
 h - 3 potions of brilliance
 j - 4 potions of ambrosia
 m - 2 potions of heal wounds
 n - a potion of berserk rage {unknown}
 v - a potion of flight {unknown}
 x - a potion of haste {unknown}
Comestibles
 e - 19 rations


   Skills:
 + Level 6.1 Fighting
 - Level 2.6 Dodging
 - Level 2.6 Stealth
 * Level 8.5 Spellcasting
 + Level 5.6 Conjurations
 * Level 8.8 Air Magic


You had 14 spell levels left.
You knew the following spells:

 Your Spells              Type           Power        Failure   Level  Hunger
a - Shock                 Conj/Air       ####         1%          1    None
b - Lightning Bolt        Conj/Air       #####.....   3%          5    #####..
c - Airstrike             Air            #####.....   1%          4    ###....

Your spell library contained the following spells:

 Spells                   Type           Power        Failure   Level  Hunger
 Mephitic Cloud           Conj/Pois/Air  ####....     1%          3    None
 Swiftness                Chrm/Air       ####....     1%          2    None
 Static Discharge         Conj/Air       #####...     1%          3    None
 Inner Flame              Hex/Fire       #.......     7%          3    None
 Corona                   Hex            #......      9%          1    None
 Slow                     Hex            #.......     12%         2    None
 Cause Fear               Hex            #.........   63%         4    ###....
 Leda's Liquefaction      Hex/Erth       #.........   63%         4    ###....
 Portal Projectile        Hex/Tloc       Unusable     N/A         3    N/A

Dungeon Overview and Level Annotations

Branches:
Dungeon (8/15)             Temple (1/1) D:5            Lair (0/6) D:8
 Bailey (visited)

Altars:
Ashenzari
Cheibriados
Dithmenos
Elyvilon
Fedhas
Gozag
Hepliaklqana
Kikubaaqudgha
Nemelex Xobeh
Qazlal
Ru
Sif Muna
Trog
Uskayaw
Vehumet
Wu Jian
Xom
Yredelemnul
Zin
The Shining One

Shops:
D:6 [


Innate Abilities, Weirdness & Mutations

You cannot wear armour.
You are incapable of wielding weapons or throwing items.
Your paws allow you to move quietly. (Stealth)
You have sharp claws.
You have razor-sharp teeth.
You have supernaturally acute eyesight. (SInv)
You are carnivorous and can eat meat at any time.
You cover ground quickly.
You are covered in thick fur. (AC +2)
You have a slow metabolism.
Your sharp claws are effective at attacking unaware monsters.
You have a pair of small antennae on your head.
Your flesh is cold resistant. (rC+)
Your body sometimes deteriorates upon taking damage.
You are somewhat resistant to further mutation.


Message History

There is an open door here.
You open the door.
A hobgoblin comes into view.
A hobgoblin is nearby!
A hobgoblin is nearby!
A hobgoblin is nearby!
A hobgoblin is nearby!
Aim: a hobgoblin (resting)
The air twists around and strikes the hobgoblin!
You kill the hobgoblin!
Vehumet accepts your kill.
You feel your power returning.
You can't see any susceptible monsters within range! (Use Z to cast anyway.)
You can't see any susceptible monsters within range! (Use Z to cast anyway.)
There is an open door here.
You open the door.
A kobold comes into view. It is wielding a +0 short sword.
A kobold is nearby!
A kobold is nearby!
A kobold is nearby!
Aim: a kobold, wielding a +0 short sword (resting)
The air twists around and strikes the kobold!
You kill the kobold!
Vehumet accepts your kill.
You feel your power returning.
You can't see any susceptible monsters within range! (Use Z to cast anyway.) Eating a chunk of flesh.
You eat the chunk of flesh.
This raw flesh tastes great.
Found a ration.
There is an open door here.
You can't see any susceptible monsters within range! (Use Z to cast anyway.)
e - 19 rations (gained 1)
You can't see any susceptible monsters within range! (Use Z to cast anyway.)
There is an open door here.
There is an open door here.
There is an open door here.
There is an open door here.
There is a stone staircase leading down here.
Done exploring.
Done exploring.
You can't see any susceptible monsters within range! (Use Z to cast anyway.) Done exploring.
Done exploring.
You can't see any susceptible monsters within range! (Use Z to cast anyway.) Done exploring.
You're wearing all the rings you can.
Remove which one? (? for menu, Esc to cancel) < or
p - a +4 ring of protection; > or
q - a +4 ring of evasion You remove your +4 ring of evasion.
y - a ring of flight (right paw)

.######## #.#
######.#####
........# ##.##
######.#####
.######>#
##...###..........#
## #.#
#.....##.####.#####
# #.# #......(.#
#.# # #.#
#.....#### #.# #
#.###....### #.# #
#..........######.#
#
#####...##@.......#
# ############### #
# # # # #


There were no monsters in sight!

Vanquished Creatures
  An ugly thing (D:8)
  A wyvern (D:8)
  4 yaks (D:8)
  A hungry ghost (D:8)
  2 basilisks (D:8)
  Menkaure (D:5)
  3 porcupines (D:8)
  3 orc warriors (Bailey)
  2 sky beasts (D:5)
  A necrophage (D:8)
  3 ogres
  2 centaurs
  2 crocodiles (D:8)
  Blork the orc (D:4)
  7 killer bees
  4 scorpions
  3 wights (D:6)
  A howler monkey (D:6)
  2 crimson imps
  3 bullfrog zombies
  A centaur zombie (D:5)
  A quasit (D:5)
  2 bullfrog skeletons
  4 hounds
  2 jellies (D:7)
  4 orc wizards
  2 centaur skeletons
  4 orc priests
  Ijyb (D:3)
  3 iguanas
  Natasha (thrice) (D:2)
  4 worker ants
  A killer bee zombie (D:5)
  A hound zombie (D:8)
  A hound skeleton (D:4)
  2 howler monkey skeletons
  9 adders
  18 gnolls
  A shadow imp (D:6)
  An ooze (D:3)
  2 adder skeletons
  A worm (D:2)
  A dart slug (D:2)
  2 leopard geckos
  37 orcs
  A ball python (D:3)
  4 bats
  2 giant cockroaches
  33 goblins
  20 hobgoblins
  8 jackals
  13 kobolds
  2 quokkas
  7 frilled lizards
  A giant cockroach zombie (D:5)
  A leopard gecko zombie (D:5)
  A quokka zombie (D:7)
  7 rats
255 creatures vanquished.

Vanquished Creatures (others)
  2 bushes (D:8)
  4 fungi (D:8)
  17 plants (D:8)
23 creatures vanquished.

Grand Total: 278 creatures vanquished

Notes
Turn   | Place    | Note
-------+----------+-------------------------------------------
     0 | D:1      | vurker the Felid Air Elementalist began the quest for the
                  | Orb.
     0 | D:1      | Reached XP level 1. HP: 7/7 MP: 4/4
    32 | D:1      | Reached skill level 1 in Conjurations
   240 | D:1      | Reached XP level 2. HP: 12/12 MP: 3/6
   445 | D:1      | Found a sparkling altar of Nemelex Xobeh.
   998 | D:2      | Found a hazy altar of Hepliaklqana.
  1100 | D:2      | Reached XP level 3. HP: 15/15 MP: 2/7
  1308 | D:2      | Noticed Natasha
  1317 | D:2      | Killed Natasha
  1317 | D:2      | Reached skill level 1 in Fighting
  1983 | D:2      | Noticed Natasha
  2086 | D:2      | Killed Natasha
  2086 | D:2      | Reached XP level 4. HP: 19/19 MP: 4/9
  2573 | D:3      | Found a glowing silver altar of Zin.
  2573 | D:3      | Found a blossoming altar of Fedhas.
  2579 | D:3      | Found a snail-covered altar of Cheibriados.
  2579 | D:3      | Found a basalt altar of Yredelemnul.
  2602 | D:3      | Found a shimmering blue altar of Sif Muna.
  2825 | D:3      | Reached XP level 5. HP: 22/22 MP: 5/10
  3058 | D:3      | Noticed Ijyb
  3078 | D:3      | Killed Ijyb
  3164 | D:2      | Noticed Natasha
  3274 | D:2      | Killed Natasha
  3569 | D:3      | Learned a level 5 spell: Lightning Bolt
  3574 | D:3      | Learned a level 4 spell: Airstrike
  3896 | D:4      | Gained mutation: You are covered in thick fur. (AC +2)
                  | [Felid growth]
  3896 | D:4      | Reached XP level 6. HP: 25/26 MP: 5/12
  4290 | D:4      | Found a shattered altar of Ashenzari.
  4333 | D:4      | Noticed Blork the orc
  4350 | D:4      | Killed Blork the orc
  5033 | D:5      | Entered Level 5 of the Dungeon
  5033 | D:5      | Noticed Menkaure
  5037 | D:5      | Killed Menkaure
  5037 | D:5      | Reached skill level 5 in Air Magic
  5037 | D:5      | Reached XP level 7. HP: 30/30 MP: 1/14
  5462 | D:5      | Reached skill level 5 in Spellcasting
  5848 | D:5      | Found a staircase to the Ecumenical Temple.
  5864 | Temple   | Entered the Ecumenical Temple
  5904 | Temple   | Became a worshipper of Vehumet
  6363 | D:5      | Reached XP level 8. HP: 34/34 MP: 3/17
  6652 | D:5      | Found a sparkling altar of Nemelex Xobeh.
  6760 | D:5      | Found an opulent altar of Gozag.
  7733 | D:6      | Found a bloodstained altar of Trog.
  7777 | D:6      | Reached * piety under Vehumet
  7777 | D:6      | Offered knowledge of Freeze by Vehumet.
  8216 | D:6      | Found an ancient bone altar of Kikubaaqudgha.
  8245 | D:6      | Found Romyweh's Antique Armour Emporium.
  8538 | D:6      | Gained mutation: Your body sometimes deteriorates upon
                  | taking damage. [potion of mutation]
  8538 | D:6      | Gained mutation: Your flesh is cold resistant. (rC+)
                  | [potion of mutation]
  8538 | D:6      | Gained mutation: Your spells are a little harder to cast,
                  | but a little more powerful. [potion of mutation]
  8539 | D:6      | Lost mutation: Your body sometimes deteriorates upon taking
                  | damage. [potion of mutation]
  8539 | D:6      | Lost mutation: Your spells are a little harder to cast, but
                  | a little more powerful. [potion of mutation]
  8539 | D:6      | Gained mutation: You have a pair of small antennae on your
                  | head. [potion of mutation]
  8539 | D:6      | Gained mutation: Your body sometimes deteriorates upon
                  | taking damage. [potion of mutation]
  8539 | D:6      | Gained mutation: You are somewhat resistant to further
                  | mutation. [potion of mutation]
  8552 | D:6      | Reached XP level 9. HP: 39/39 MP: 10/19
 10549 | D:8      | Noticed a red ugly thing
 10752 | D:8      | Found a flagged portal.
 10753 | D:8      | Reached ** piety under Vehumet
 10753 | D:8      | Offered knowledge of Sandblast by Vehumet.
 10843 | Bailey   | Entered a bailey
 10990 | Bailey   | Reached skill level 5 in Fighting
 11226 | Bailey   | Offered knowledge of Dazzling Flash by Vehumet.
 11595 | Bailey   | Noticed an orc knight
 11838 | D:8      | Reached *** piety under Vehumet
 12335 | D:8      | Offered knowledge of Stone Arrow by Vehumet.
 12735 | D:8      | Reached skill level 5 in Conjurations
 13349 | D:8      | Reached XP level 10. HP: 45/45 MP: 4/22
 13501 | D:8      | Reached **** piety under Vehumet
 13926 | D:8      | Found a staircase to the Lair.
 13964 | D:8      | Mangled by a red ugly thing
 13965 | D:8      | Reached XP level 9. HP: -6/41 MP: 7/22
 13995 | D:8      | HP: 2/41 [red ugly thing (5)]
 13995 | D:8      | Mangled by a red ugly thing
 13996 | D:8      | Reached XP level 8. HP: -8/38 MP: 3/21
 14063 | D:8      | Killed a red ugly thing
 14090 | D:8      | Offered knowledge of Mephitic Cloud by Vehumet.
 14255 | D:8      | Found a stormy altar of Qazlal.
 14675 | D:8      | Quit the game

Levels and vault maps discovered:
D:1:      nicolae_arrival_washed_ashore, layout_rooms, nemelex_altar_shiori
D:2:      layout_basic, nicolae_overflow_hidden_temple, lemuel_crystal_altar,
          first_ration, nicolae_underground_beach, uniq_natasha
D:3:      layout_loops_ring, minitemple, hangedman_decor_opposing,
          corexii_leaking_fountain, hex_medium, uniq_ijyb
D:4:      layout_loops_ring, lemuel_doored_altar, minivault_26,
          uniq_blork_the_orc
D:5:      layout_gridville, grunt_temple_overflow_opulence,
          minmay_temple_entry_offerings, st_stairs_7, hangedman_minor_gate_pass,
          uniq_menkaure
D:6:      layout_basic, kiku_gazebo_garden_becter, basic_altar, serial_shops,
          shop
D:7:      layout_loops_ring
D:8:      corexii_shantytown, layout_loops_ring,
          nicolae_qazlal_eye_of_the_storm, minmay_lair_entry_grove,
          enter_bailey_3
Temple:   jpeg_temple_island

Skill      XL: |  1  2  3  4  5  6  7  8  9 10 |
---------------+-------------------------------+-----
Conjurations   | 1 2 3 4 5 |  5.6
Air Magic      | 3 4 5 6 8 |  8.8
Fighting       | 1 2 3 6 5 |  6.1
Spellcasting   | 3 4 5 6 7 8 |  8.5
Dodging        | |  2.6
Stealth        | |  2.6

Action                   |  1- 3 |  4- 6 |  7- 9 | 10-12 || total
-------------------------+-------+-------+-------+-------++-------
Melee: Unarmed           |       |    14 |    18 |     2 ||    34
       Bite              |       |     1 |     1 |       ||     2
 Cast: Shock             |    66 |   149 |    19 |       ||   234
       Airstrike         |       |     2 |   254 |    23 ||   279
Evoke: Wand              |       |       |    15 |       ||    15
  Use: Scroll            |       |    10 |    11 |       ||    21
       Potion            |       |       |     2 |       ||     2
 Stab: Paralysed         |       |       |     7 |       ||     7
  Eat: Chunk             |    10 |     5 |    54 |     6 ||    75
Armor: Skin              |     1 |     6 |     8 |     1 ||    16
Dodge: Dodged            |     8 |    53 |    84 |     2 ||   147

Table legend:
 A = Non-vault XP
 B = Vault XP
 C = Vault XP percentage of total XP
 D = Non-vault monster count
 E = Vault monster count
 F = Vault count percentage of total count
                 A         B        C        D         E       F
            +---------+---------+-------+---------+---------+-------
      Total |    4222 |    3381 |  44.5 |     149 |     106 |  41.6
            +---------+---------+-------+---------+---------+-------
        D:1 |      17 |       0 |   0.0 |      11 |       0 |   0.0
        D:2 |     110 |      35 |  24.1 |      16 |       1 |   5.9
        D:3 |     148 |      36 |  19.6 |      27 |       1 |   3.6
        D:4 |     268 |      99 |  27.0 |      12 |       1 |   7.7
        D:5 |     722 |     594 |  45.1 |      24 |       8 |  25.0
        D:6 |    1105 |       0 |   0.0 |      27 |       0 |   0.0
        D:7 |     378 |       0 |   0.0 |      12 |       0 |   0.0
        D:8 |    1474 |    2036 |  58.0 |      20 |      53 |  72.6
     Bailey |       0 |     581 | 100.0 |       0 |      42 | 100.0
            +---------+---------+-------+---------+---------+-------
